 Dungeon Crawl Stone Soup version 0.22-a0-299-g43f9854 (webtiles) character file.

14 Flooderbenga the Sneak (level 2, -1/20 HPs)
             Began as a Vampire Enchanter on Mar 25, 2018.
             Slain by a leopard gecko (4 damage)
             ... on level 1 of the Dungeon.
             The game lasted 00:08:28 (602 turns).

Flooderbenga the Sneak (Vampire Enchanter)           Turns: 602, Time: 00:08:29

Health: -1/20      AC:  2    Str:  7    XL:     2   Next: 31%
Magic:  1/5        EV: 12    Int: 17    God:
Gold:   31         SH:  0    Dex: 14    Spells: 2/5 levels left

rFire    . . .     SeeInvis +   a - +1 dagger
rCold    . . .     Gourm    .   (no shield)
rNeg     + . .     Faith    .   b - +0 robe
rPois    .         Spirit   .   (no helmet)
rElec    .         Reflect  .   (no cloak)
rCorr    .         Harm     .   (no gloves)
MR       .....                  (no boots)
Stlth    +++.......             (no amulet)
HPRegen  0.06/turn              (no ring)
MPRegen  0.09/turn              (no ring)

@: no status effects
A: fangs 3, see invisible, unbreathing
a: no special abilities


You were on level 1 of the Dungeon.
You were not thirsty.

You visited 1 branch of the dungeon, and saw 1 of its levels.

You collected 31 gold pieces.

Inventory:

Hand Weapons
 a - a +1 dagger (weapon)
Missiles
 h - 18 arrows
Armour
 b - a +0 robe (worn)
Scrolls
 i - a scroll of remove curse {unknown}
Potions
 c - a potion of haste {unknown}
 d - 5 potions of blood
 e - 2 potions of curing {unknown}
 f - a potion of cancellation {unknown}
 g - a potion of mutation {unknown}


   Skills:
 + Level 0.5 Fighting
 + Level 1.5 Short Blades
 - Level 2.1 Dodging
 + Level 4.7 Stealth
 + Level 2.1 Spellcasting
 + Level 4.6 Hexes


You had 2 spell levels left.
You knew the following spells:

 Your Spells              Type           Power        Failure   Level  Hunger
a - Corona                Hex            ###....      2%          1    #......
z - Ensorcelled Hibernat  Hex/Ice        #.....       11%         2    ###....


Dungeon Overview and Level Annotations

Branches:
Dungeon (1/15)

Altars:


Innate Abilities, Weirdness & Mutations

You have razor-sharp teeth.
You have supernaturally acute eyesight. (SInv)
You can survive without breathing.


Message History

Unknown command.
The kobold closely misses you.
Aim: a kobold, wielding a short sword (chance to defeat MR: 58%)
The kobold looks drowsy...
You now have 1/5 mp.
The helpless kobold fails to defend itself.
You impale the kobold!!
You kill the kobold!
Aim: a leopard gecko (clinging, chance to defeat MR: 71%)
The leopard gecko is outlined in light.
The leopard gecko bites you.
You take 4 damage, and have 10/20 hp.
You closely miss the leopard gecko. You bite the leopard gecko.
The leopard gecko barely misses you.
You barely miss the leopard gecko. You bite the leopard gecko.
The leopard gecko hisses menacingly.
The leopard gecko bites you. x2
* * * LOW HITPOINT WARNING * * *
You take 7 damage, and have 3/20 hp.
MASSIVE DAMAGE!!
You barely miss the leopard gecko. The leopard gecko bites you.
You die...

#.l........#
#.##.......#
##.##.l###.##
######...#K.# #.##
#...l....#..# #...
#.####...#..# ####
#.# #####..# #l#
#..# #@# ###..#
#.# #....# #.#
#.#.## #.# #.#.#
#.# #.#.# #.#
##>#.# #.#
##.(.(####### #.#
##............
#.##...........##.


You could see a leopard gecko.

Vanquished Creatures
  A dart slug (D:1)
  A leopard gecko (D:1)
  2 giant cockroaches (D:1)
  2 goblins (D:1)
  A hobgoblin (D:1)
  A kobold (D:1)
  2 rats (D:1)
10 creatures vanquished.

Notes
Turn   | Place    | Note
-------+----------+-------------------------------------------
     0 | D:1      | Flooderbenga the Vampire Enchanter began the quest for the Orb.
     0 | D:1      | Reached XP level 1. HP: 13/13 MP: 3/3
   398 | D:1      | Reached XP level 2. HP: 20/20 MP: 5/5
   402 | D:1      | Learned a level 2 spell: Ensorcelled Hibernation
   602 | D:1      | Slain by a leopard gecko

Vault maps used:
D:1:      denvon_arrival_hothouse

Action                   || total
-------------------------++-------
Melee: Dagger            ||    36
       Bite              ||     6
 Cast: Corona            ||     7
       Ensorcelled Hiber ||     6
 Stab: Sleeping          ||     5
Armor: Robe              ||     5
Dodge: Dodged            ||    21

Table legend:
 A = Spawn XP
 B = Non-spawn XP
 C = Spawn XP percentage of total XP
 D = Spawn monster count
 E = Non-spawn monster count
 F = Spawn count percentage of total count
 G = Total turns spent on level
                    A         B        C        D         E        F      G
               +---------+---------+-------+---------+---------+-------+---------
         Total |       0 |      21 |   0.0 |       0 |      10 |   0.0 |   602
               +---------+---------+-------+---------+---------+-------+---------
           D:1 |       0 |      21 |   0.0 |       0 |      10 |   0.0 |   602
               +---------+---------+-------+---------+---------+-------+---------
